[Event "*** Titled Tuesday Blitz"]
[Site "Chess.com"]
[Date "2019.12.03"]
[Round "6"]
[White "VeraNebolsina"]
[Black "nau64"]
[Result "0-1"]
[WhiteElo "2352"]
[BlackElo "2252"]
[TimeControl "180+2"]
[EndTime "14:25:57 PST"]
[Termination "nau64 won by resignation"]

1. e4 c5 2. Nc3 a6 3. Nf3 b5 4. g3 Bb7 5. d3 e6 6. Bg2 Be7 7. O-O d6 8. Re1 Nf6 9. e5 dxe5 10. Nxe5 Bxg2 11. Kxg2 b4 12. Nb1 O-O 13. Nd2 Qd5+ 14.
Qf3 Nbd7 15. Ndc4 Qxf3+ 16. Kxf3 Nxe5+ 17. Rxe5 Rfd8 18. a3 a5 19. g4 Rd5 20. Bf4 Rxe5 21. Bxe5 Nd7 22. axb4 cxb4 23. Bd4 a4 24. c3 f6 25.
cxb4 Bxb4 26. Bc3 Be7 27. Ba5 Nc5 28. d4 Nb3 29. Rxa4 Nxd4+ 30. Ke4 Nc6 31. b3 Kf7 32. Bb6 Rb8 33. Ra1 g6 34. Rd1 f5+ 35. gxf5 gxf5+ 36. Kf3 Rb7 37. Rb1 Kf6 38. Be3 e5 39. h4 e4+ 40.
Ke2 Nb4 41. Bg5+ Ke6 42. Bxe7 Rxe7 43. Ke3 Rd7 44. Kf4 Nd5+ 45. Kg3 f4+ 46. Kh3 Rb7 47. Ra1 Rxb3+ 48. Kh2 Nb4 49. Ra5 Nd3 50. Ra6+ Kd5 51. Nb6+ Kd4 52. Ra4+ Rb4 53. Rxb4+ Nxb4 54. Kg2 Kd3 55. Nd7 Nd5 56. Nc5+ Kd4 57. Ne6+ Ke5 58. Ng5 h5 59. Nf7+ Kf5 60. Nd6+ Ke5 61. Nf7+ Kd4 62. Ng5 Nf6 63. Ne6+ Ke5 64. Ng5 Kf5 65. Nf7 Kg4 66.
f3+ exf3+ 67. Kf1 Kxh4 68. Kf2 Kg4 69. Ne5+ Kf5 70. Nxf3 Ne4+ 71. Kg2 Ng5 72. Nh4+ Kg4 73. Ng6 f3+ 74. Kh2 Ne4 75. Ne5+ Kf4 76. Ng6+ Ke3 77. Nh4 f2 78. Kg2 Ke2 0-1

[Event "*** Titled Tuesday Blitz"]
[Site "Chess.com"]
[Date "2019.12.03"]
[Round "6"]
[White "gusanchutik"]
[Black "VladimirBelous"]
[Result "1/2-1/2"]
[WhiteElo "2959"]
[BlackElo "2752"]
[TimeControl "180+2"]
[EndTime "14:25:58 PST"]
[Termination "Game drawn by agreement"]

1. d4 Nf6 2. c4 g6 3. Nc3 Bg7 4. e4 d6 5. h3 O-O 6. Be3 Na6 7. Nf3 e5 8. d5 Nc5 9. Nd2 a5 10. g4 c6 11. Qc2 a4 12. Rg1 Qa5 13. a3 Bd7 14.
Be2 Rfc8 15. g5 Ne8 16. h4 Nc7 17. f3 b5 18. dxc6 Bxc6 19. cxb5 Bxb5 20. Nc4 Bxc4 21. Bxc4 d5 22. exd5 e4 23. fxe4 Nb5 24. Bxb5 Bxc3+ 25. bxc3 Qxb5 26. c4 Nxe4 27. cxb5 Rxc2 28. b6 Re8 29. Rc1 Rb2 30. Kf1 Rb3 31. Bd4 Nd2+ 32. Kg2 Re2+ 33. Bf2 Ne4 34. Rgf1 Rg3+ 35. Kh2 Rb3 36. Kg2 Rxb6 37.
Kf3 Rxf2+ 38. Kxe4 Re2+ 39. Kd4 Rb3 40. Rc8+ Kg7 41.
Rc7 Rd2+ 42. Ke4 Re2+ 43. Kd4 Rd2+ 44. Ke5 Re2+ 45. Kd6 Rb6+ 46. Kc5 Rb8 47. Rfxf7+ Kg8 48. Rg7+ Kf8 49. Rxh7 Rc2+ 50. Kd4 Rxc7 51. Rxc7 Rb3 52. d6 Ke8 53. Ke5 Rxa3 54. Kf6 Rd3 55. Kxg6 Rxd6+ 56. Kh5 Ra6 57. Rc2 a3 58. Ra2 Kf7 59. Kg4 Ra4+ 60. Kf5 Rxh4 61. Rxa3 Rb4 62. Ra7+ Kg8 63.
Ra6 Rb8 64. Kg6 Rf8 65. Kh6 Rc8 66. Ra7 Rd8 67. g6 Rc8 68. Rb7 Rd8 69. Rg7+ Kh8 70.
Ra7 Kg8 71. Ra5 Rc8 72. Kg5 Rd8 73. Ra6 Rc8 74. Kf6 Rd8 75. Ra5 Rf8+ 76. Kg5 Rc8 77. Ra1 Kg7 78. Ra7+ Kg8 79. Rh7 Rc5+ 80. Kh6 Rc1 81.
Rg7+ Kh8 82. Ra7 Rh1+ 83. Kg5 Rg1+ 84. Kf5 Rf1+ 85. Ke6 Re1+ 86. Kf7 Rf1+ 87. Ke8 Rf8+ 88. Ke7 Kg7 89. Ra6 Rf1 1/2-1/2

[Event "*** Titled Tuesday Blitz"]
[Site "Chess.com"]
[Date "2019.12.03"]
[Round "6"]
[White "Vyacheslav_N"]
[Black "PowerThinking2650"]
[Result "0-1"]
[WhiteElo "2436"]
[BlackElo "2374"]
[TimeControl "180+2"]
[EndTime "14:26:07 PST"]
[Termination "PowerThinking2650 won on time"]

1. e4 e5 2. Nc3 Nf6 3. f4 d5 4.
fxe5 Nxe4 5. Qf3 Nc6 6. Bb5 Nxc3 7. bxc3 Qh4+ 8. g3 Qe4+ 9. Qxe4 dxe4 10. d4 exd3 11. cxd3 Bd7 12. d4 Nxe5 13. Bxd7+ Nxd7 14. Bf4 O-O-O 15. O-O-O Nb6 16. Nf3 f6 17. Kc2 Bd6 18.
Bc1 Rhe8 19. Rhe1 Kd7 20. Kb3 Rxe1 21. Nxe1 Re8 22. c4 Nc8 23. Nd3 c6 24. Re1 Rxe1 25.
Nxe1 c5 26. d5 Be5 27. Be3 b6 28. Nd3 Nd6 29. a4 a5 30. Bf4 Bxf4 31. Nxf4 Ne4 32. Ne6 g5 33. Kc2 h5 34. Ng7 h4 35. gxh4 gxh4 36.
Nf5 h3 37. Kd3 Nf2+ 38. Ke2 Ng4 39. Ne3 Nxh2 40. Kf2 f5 41. Kg3 Ng4 42. Nxf5 Ne5 43. Ne3 Nd3 44. Kxh3 Nb2 45. Kg4 Nxa4 46. Nc2 Nb2 47.
Na3 Kd6 48. Kf5 Nd3 49. Ke4 Nb2 50. Nb5+ Kd7 51. Na3 a4 52. Ke5 Nd3+ 53. Kf6 Kd6 54. Nb5+ Kd7 55. Kf5 Ne1 56. Na3 Nf3 57. Ke4 Nd4 58. Ke5 Nb3 59. d6 Na5 60. Kd5 Nb7 61. Nb5 Nxd6 62. Na3 Nf5 63. Ke5 Ne3 64. Ke4 Nd1 65. Ke5 Kc6 66. Ke4 Nc3+ 67. Kd3 Nd1 68. Ke2 Nb2 69. Kd2 Nxc4+ 70. Nxc4 b5 71. Ne3 b4 72. Kd3 Kb5 73. Nc4 a3 74. Nd6+ Ka4 75.
Kc2 b3+ 76. Kc3 a2 77. Kb2 Kb4 78. Ne4 c4 79. Ka1 Ka3 0-1

[Event "*** Titled Tuesday Blitz"]
[Site "Chess.com"]
[Date "2019.12.03"]
[Round "6"]
[White "AnubisInmortal03"]
[Black "Chesswizard_2007"]
[Result "0-1"]
[WhiteElo "2560"]
[BlackElo "2440"]
[TimeControl "180+2"]
[EndTime "14:26:55 PST"]
[Termination "Chesswizard_2007 won by resignation"]

1. e4 e5 2. Nf3 Nc6 3. Bb5 a6 4. Ba4 Nf6 5. O-O Nxe4 6. Re1 Nc5 7. Bxc6 dxc6 8. d4 Ne6 9. Nxe5 Be7 10. c3 O-O 11. Be3 Bf6 12. Nd2 c5 13. Ng4 cxd4 14.
Nxf6+ Qxf6 15. Ne4 Qg6 16. Bxd4 Nxd4 17. Qxd4 Be6 18.
Re3 Rad8 19. Qe5 Qg4 20. h3 Qf5 21. Qxc7 Bd5 22. Ng3 Qc2 23. Re2 Qg6 24. c4 Bc6 25.
Rae1 h6 26. b3 h5 27. Qf4 Rd3 28. Re3 Rd2 29. R1e2 Rd1+ 30. Kh2 Qb1 31. Nxh5 Rh1+ 32. Kg3 Qg1 33. Kh4 Bxg2 34. Rg3 Rxh3+ 35. Rxh3 Bxh3 36. Kxh3 Qf1+ 37. Kh2 Qxe2 38. Qf5 Qe6 39. Qg5 Qg6 40. Qe5 Rd8 41. Nf4 Qf6 42. Qxf6 gxf6 43. Nd5 Kg7 44. Kg3 Re8 45. Ne3 Kg6 46. Kf4 Rh8 47. Nf5 Rh1 48. Nd6 b6 49. Nc8 b5 50. cxb5 axb5 51. Nd6 b4 52.
Nf5 Ra1 53. Ne7+ Kh7 54. Nd5 Rxa2 55. f3 Ra3 56. Nxb4 Rxb3 57. Nd5 Kg7 58. Ne7 Rb4+ 59. Kg3 Rb5 60. Kf4 Re5 61. Nc6 Rd5 62. Ne7 Re5 63. Nc6 Re8 64. Nd4 Kg6 65. Nf5 Ra8 66.
Ne7+ Kg7 67. Nf5+ Kh7 68. Nd6 Kg6 69. Kg4 Ra4+ 70. f4 Rd4 71. Nf5 Ra4 72. Ne7+ Kg7 73. Nf5+ Kf8 74. Ne3 Ke8 75. Nd5 Kf8 76. Nxf6 Kg7 77.
Nd7 Rd4 78. Ne5 f6 79. Nc6 Ra4 80. Nd8 Kg6 81. Ne6 f5+ 82. Kg3 Ra3+ 83. Kf2 Kh5 84. Nd4 Kg4 85. Ne2 Ra2 86. Ke3 Ra3+ 87. Kf2 Rf3+ 88.
Kg2 Rb3 89. Kf2 Ra3 90. Kg2 Ra4 91. Kf2 Rxf4+ 92. Kg2 Re4 93. Nc3 Re8 94. Nd5 Re2+ 95. Kf1 Ra2 96. Nc3 Rc2 97. Nd5 Kf3 98. Ke1 f4 99. Nb4 Re2+ 100. Kf1 Rb2 101. Nd3 Rb1+ 102. Ne1+ Rxe1+ 103. Kxe1 Kg2 0-1

[Event "*** Titled Tuesday Blitz"]
[Site "Chess.com"]
[Date "2019.12.03"]
[Round "6"]
[White "bascheyaro"]
[Black "Gentlejimmy7"]
[Result "1/2-1/2"]
[WhiteElo "2759"]
[BlackElo "2589"]
[TimeControl "180+2"]
[EndTime "14:27:00 PST"]
[Termination "Game drawn - insufficient material"]

1. d4 Nf6 2. c4 g6 3. Nf3 Bg7 4. Nc3 d5 5. Bf4 O-O 6. c5 b6 7. b4 a5 8. cxb6 cxb6 9. bxa5 Rxa5 10. Bxb8 Ba6 11. Be5 Ne4 12. Bxg7 Kxg7 13. Qb3 Qd6 14. Qb2 Rc8 15. Nxe4 dxe4 16. Nd2 e3 17. fxe3 Rb5 18. Nb3 Bb7 19. Rc1 Ra8 20. d5+ Kg8 21. e4 Qb4+ 22.
Qd2 Qxe4 23. Qd4 Qxd4 24. Nxd4 Rxd5 25. e3 Re5 26. Kf2 Rxa2+ 27. Be2 Rg5 28. Nf3 Rxe2+ 29. Kxe2 Rxg2+ 30. Kd3 Bxf3 31. h4 e5 32. Rh3 e4+ 33.
Kd4 Rb2 34. h5 gxh5 35. Ke5 Kg7 36. Rg3+ Bg4 37. Kxe4 f5+ 38. Ke5 Kg6 39. Rc6+ Kg5 40. Rc7 Rb5+ 41. Kd4 h4 42. Rg1 h5 43. Rg7+ Kf6 44.
Rh7 h3 45. Rh1 Rb4+ 46. Kc3 Re4 47. Kd2 b5 48. Rb7 b4 49. Kd3 Kg5 50. Rb1 Kh4 51.
Rc7 h2 52. Rc2 Kg3 53. Rh1 f4 54. exf4 Bf5 55. Rcxh2 h4 56. Kd2 Rxf4 57. Re2 h3 58.
Rg1+ Kh4 59. Rg8 b3 60. Rh8+ Kg3 61. Re3+ Rf3 62. Rg8+ Bg4 63. Re4 Rf4 64. Re3+ Rf3 65. Re4 Rf4 66. Re3+ Kg2 67. Rxb3 h2 68. Rh8 h1=Q 69.
Rxh1 Kxh1 70. Rb8 Kg2 71. Ke3 Kg3 72. Rg8 Rf3+ 73. Ke4 Ra3 74. Rg7 Ra4+ 75. Ke3 Rb4 76. Rg8 Kh4 77. Rg7 Bf5 78. Kf3 Kh5 79. Rg8 Bg6 80.
Rg7 Kg5 81. Ke3 Rb3+ 82. Kd4 Kf5 83. Rg8 Bf7 84. Rf8 Ke6 85. Rh8 Rb4+ 86. Ke3 Bg6 87. Rg8 Bf5 88. Rf8 Ke5 89. Kd2 Be4 90. Kc3 Rb7 91. Re8+ Kd5 92. Rd8+ Kc5 93. Rc8+ Bc6 94. Rg8 Rh7 95. Rg3 Ra7 96. Rg4 Ra3+ 97. Kb2 Rh3 98. Rf4 Bd5 99. Kc2 Bc4 100. Kd2 Kb4 101. Rg4 Rd3+ 102. Ke1 Rf3 103. Kd2 Rd3+ 104. Ke1 Kc3 105. Kf2 Rh3 106. Rg3+ Rxg3 107. Kxg3 1/2-1/2

[Event "*** Titled Tuesday Blitz"]
[Site "Chess.com"]
[Date "2019.12.03"]
[Round "7"]
[White "Orest_Vovk"]
[Black "RitvarsReimanis"]
[Result "0-1"]
[WhiteElo "2317"]
[BlackElo "2550"]
[TimeControl "180+2"]
[EndTime "14:29:58 PST"]
[Termination "RitvarsReimanis won by resignation"]

1. d4 Nf6 2. Nf3 e6 3. Bg5 d5 4.
e3 Be7 5. Nbd2 Nbd7 6. c4 O-O 7. Rc1 c6 8. Bd3 Re8 9. Ne5 Nxe5 10. dxe5 Nd7 11.
Bxe7 Qxe7 12. f4 f6 13. cxd5 exd5 14. Qh5 Nf8 15. Nf3 g6 16. Qh4 Qb4+ 17. Kf2 fxe5 18. Nxe5 Rxe5 19. a3 Qd2+ 0-1

[Event "*** Titled Tuesday Blitz"]
[Site "Chess.com"]
[Date "2019.12.03"]
[Round "7"]
[White "Darhild"]
[Black "Gabrielian_Artur"]
[Result "0-1"]
[WhiteElo "2654"]
[BlackElo "2795"]
[TimeControl "180+2"]
[EndTime "14:30:37 PST"]
[Termination "Gabrielian_Artur won by resignation"]

1. e4 c5 2. Nf3 d6 3. d4 cxd4 4. Nxd4 Nf6 5. Nc3 Nc6 6. g3 e6 7. Bg2 Be7 8. Nxc6 bxc6 9. e5 dxe5 10. Qxd8+ Kxd8 11. Bxc6 Rb8 12. Be3 Kc7 13. Bxa7 Rxb2 14. Ba4 Bb4 15. O-O-O Bxc3 16. Rd3 Nd5 17. Bb3 Rxb3 18.
cxb3 e4 19. Rdd1 Ba6 0-1

[Event "*** Titled Tuesday Blitz"]
[Site "Chess.com"]
[Date "2019.12.03"]
[Round "7"]
[White "crazy_machine"]
[Black "vugarrasulov"]
[Result "0-1"]
[WhiteElo "2651"]
[BlackElo "2792"]
[TimeControl "180+2"]
[EndTime "14:30:41 PST"]
[Termination "vugarrasulov won by resignation"]

1. d4 Nf6 2. Nc3 d5 3. Bf4 c5 4. e3 cxd4 5. exd4 a6 6. Nf3 Bg4 7. h3 Bxf3 8. Qxf3 Nc6 9. O-O-O e6 10. g4 Rc8 11. g5 Nd7 12. Kb1 Be7 13. h4 Nb6 14. h5 Bxg5 15. Bxg5 Qxg5 16. Rg1 Qxg1 17.
Bxa6 Qxd1+ 18. Nxd1 bxa6 19. Qb3 Nc4 20. Qb7 O-O 21. Qxa6 Nxd4 22. c3 Ra8 23. Qb7 Rfb8 24. Qc7 Nb5 25. Qc5 Rc8 26. Qe7 h6 27. f4 d4 28. cxd4 Nd2+ 0-1

[Event "*** Titled Tuesday Blitz"]
[Site "Chess.com"]
[Date "2019.12.03"]
[Round "7"]
[White "pouya21"]
[Black "olksuna"]
[Result "1-0"]
[WhiteElo "2736"]
[BlackElo "2602"]
[TimeControl "180+2"]
[EndTime "14:30:51 PST"]
[Termination "pouya21 won by resignation"]

1. e4 e5 2. Nf3 Nc6 3. Bb5 a6 4. Ba4 Nge7 5. c3 g6 6. d4 exd4 7. cxd4 b5 8. Bc2 Bg7 9. d5 Nb4 10. Bb3 a5 11. a3 Na6 12. O-O Nc5 13. Bc2 d6 14. Re1 O-O 15. Nd4 c6 16. dxc6 Qb6 17.
Nc3 Nxc6 18. Nd5 1-0

[Event "*** Titled Tuesday Blitz"]
[Site "Chess.com"]
[Date "2019.12.03"]
[Round "7"]
[White "Jadeit90"]
[Black "sergeikim"]
[Result "0-1"]
[WhiteElo "2299"]
[BlackElo "2502"]
[TimeControl "180+2"]
[EndTime "14:30:53 PST"]
[Termination "sergeikim won by resignation"]

1. g3 Nf6 2. Bg2 g6 3. c4 Bg7 4. Nc3 O-O 5. e4 d6 6. Nge2 e5 7. O-O Nbd7 8. d4 exd4 9. Nxd4 Re8 10. Re1 Nc5 11. b4 Ne6 12. Be3 h6 13. Qd2 Ng5 14. f3 c6 15. Rad1 Kh7 16. h4 Ne6 17. Nxe6 Bxe6 18.
c5 dxc5 19. Qxd8 Rexd8 20. Bxc5 Nd7 21. Bd4 Ne5 22. f4 Rxd4 23. Rxd4 Nf3+ 24. Bxf3 Bxd4+ 0-1

[Event "*** Titled Tuesday Blitz"]
[Site "Chess.com"]
[Date "2019.12.03"]
[Round "7"]
[White "Quiet_Desperation"]
[Black "Sajkochess"]
[Result "1-0"]
[WhiteElo "2501"]
[BlackElo "2265"]
[TimeControl "180+2"]
[EndTime "14:30:55 PST"]
[Termination "Quiet_Desperation won by checkmate"]

1. e4 c5 2. Nf3 e6 3. d4 cxd4 4. Nxd4 Nc6 5. Nc3 Qc7 6. Nb3 a6 7. Bd3 Nf6 8. Be3 d6 9. f4 Be7 10. O-O b5 11. a3 Bb7 12. Kh1 O-O 13. Rf3 e5 14. Nd5 Nxd5 15. exd5 Nd8 16. Bxh7+ Kxh7 17. Rh3+ Kg8 18. Qh5 Qxc2 19. Qh8# 1-0

[Event "*** Titled Tuesday Blitz"]
[Site "Chess.com"]
[Date "2019.12.03"]
[Round "7"]
[White "brendan174"]
[Black "DonBroca"]
[Result "1-0"]
[WhiteElo "2120"]
[BlackElo "2087"]
[TimeControl "180+2"]
[EndTime "14:31:01 PST"]
[Termination "brendan174 won by resignation"]

1. d4 c5 2. d5 g6 3. e4 d6 4. Nf3 a6 5. a4 Bg7 6. Nc3 Nd7 7.
Be2 Rb8 8. O-O Ngf6 9. h3 O-O 10. Bf4 Nh5 11. Bh2 Ne5 12. Nxe5 dxe5 13. Bxh5 gxh5 14. Qxh5 Qd6 15. Kh1 e6 16. Rad1 b5 17. axb5 axb5 18. dxe6 Qxe6 19. Nd5 Re8 20. Nc7 1-0

[Event "*** Titled Tuesday Blitz"]
[Site "Chess.com"]
[Date "2019.12.03"]
[Round "7"]
[White "SirMittensofMittensville"]
[Black "r31415"]
[Result "1-0"]
[WhiteElo "2634"]
[BlackElo "2462"]
[TimeControl "180+2"]
[EndTime "14:31:02 PST"]
[Termination "SirMittensofMittensville won by resignation"]

1. e4 e5 2. Nf3 Nc6 3. Bc4 Bc5 4. c3 Nf6 5. d3 d6 6. Bb3 O-O 7. O-O a5 8. Bg5 h6 9. Bh4 g5 10. Bg3 Nh7 11. d4 exd4 12. Nxd4 Qf6 13. Nb5 Bb6 14. Nd2 Qg6 15. Nc4 Qxe4 16. Nxb6 cxb6 17. Nxd6 Qg4 18. Qd3 Nf6 19. Qg6+ Kh8 20. Qxf6+ Kh7 21. Bxf7 1-0

[Event "*** Titled Tuesday Blitz"]
[Site "Chess.com"]
[Date "2019.12.03"]
[Round "7"]
[White "Vuks91"]
[Black "XDPS"]
[Result "1-0"]
[WhiteElo "2641"]
[BlackElo "2732"]
[TimeControl "180+2"]
[EndTime "14:31:54 PST"]
[Termination "Vuks91 won by resignation"]

1. d4 d5 2. Nf3 Nf6 3. Bf4 e6 4. e3 Bd6 5. Bg3 c5 6. Nbd2 O-O 7. c3 Qc7 8. dxc5 Qxc5 9. Bd3 Qc7 10. e4 Nc6 11. Qe2 Bxg3 12. hxg3 dxe4 13. Nxe4 Nxe4 14. Bxe4 h6 15. g4 f5 16. Bxc6 Qxc6 17. g5 hxg5 18. Nxg5 Qe8 19. O-O-O Qg6 20. f4 b6 21. Rh4 1-0

[Event "*** Titled Tuesday Blitz"]
[Site "Chess.com"]
[Date "2019.12.03"]
[Round "7"]
[White "Qvalda"]
[Black "Glufs"]
[Result "1-0"]
[WhiteElo "2504"]
[BlackElo "2372"]
[TimeControl "180+2"]
[EndTime "14:31:56 PST"]
[Termination "Qvalda won by resignation"]

1. d4 d5 2. Bf4 c5 3. e3 Nc6 4. c3 Nf6 5. Nd2 cxd4 6. exd4 Bg4 7. Qb3 Qd7 8. Ngf3 Bxf3 9. Nxf3 a6 10. Bd3 e6 11. O-O Bd6 12. Bxd6 Qxd6 13. Qxb7 O-O 14. Qb3 Rfc8 15. Qd1 Nd7 16. Re1 Na5 17. Bxh7+ Kxh7 18. Ng5+ Kg8 19. Qh5 Qf4 20. Qh7+ Kf8 21. Rxe6 1-0

[Event "*** Titled Tuesday Blitz"]
[Site "Chess.com"]
[Date "2019.12.03"]
[Round "7"]
[White "Bagirova"]
[Black "Everyfishknows"]
[Result "0-1"]
[WhiteElo "2109"]
[BlackElo "2300"]
[TimeControl "180+2"]
[EndTime "14:31:56 PST"]
[Termination "Everyfishknows won on time"]

1. e4 e5 2. Nf3 Nc6 3. Bc4 Nf6 4. Nc3 Nxe4 5. Nxe4 d5 6. Bd3 dxe4 7. Bxe4 Bd6 8.
Bxc6+ bxc6 9. d3 O-O 10. O-O Bg4 11. h3 Bh5 12. Be3 Qf6 13. c3 Bxf3 14. Qxf3 Qxf3 15.
gxf3 a6 0-1

[Event "*** Titled Tuesday Blitz"]
[Site "Chess.com"]
[Date "2019.12.03"]
[Round "7"]
[White "PowerThinking2650"]
[Black "Tiqr777"]
[Result "1/2-1/2"]
[WhiteElo "2379"]
[BlackElo "2622"]
[TimeControl "180+2"]
[EndTime "14:32:02 PST"]
[Termination "Game drawn by agreement"]

1. e4 e5 2. Nf3 Nc6 3. Nc3 Nf6 4. d4 exd4 5. Nxd4 d6 6. Nxc6 bxc6 7. Bd3 Be7 8. O-O O-O 9. Bf4 d5 10. e5 Nd7 11. Bg3 Nc5 12. f4 f6 13. Qh5 Nxd3 14.
cxd3 Qe8 15. Qxe8 Rxe8 16. d4 Rb8 17. b3 Bd7 18. Na4 fxe5 19. fxe5 Rf8 20. e6 Rxf1+ 21. Rxf1 Bxe6 22. Bxc7 Rc8 23. Be5 Rf8 24. Rxf8+ Bxf8 25. Nc5 1/2-1/2

[Event "*** Titled Tuesday Blitz"]
[Site "Chess.com"]
[Date "2019.12.03"]
[Round "7"]
[White "saraswathii"]
[Black "JoakimVonAnd"]
[Result "0-1"]
[WhiteElo "2240"]
[BlackElo "2387"]
[TimeControl "180+2"]
[EndTime "14:32:02 PST"]
[Termination "JoakimVonAnd won by resignation"]

1. e4 c5 2. Nf3 d6 3. d3 g6 4. g3 Bg7 5. Bg2 Nc6 6. O-O Nf6 7. c3 O-O 8. Qe2 Rb8 9. d4 cxd4 10.
cxd4 d5 11. e5 Ne4 12. Nc3 Bf5 13. Be3 Nxc3 14. bxc3 Na5 15. Nd2 Rc8 16. Rac1 Nc4 17.
Nxc4 Rxc4 18. Qd2 Qa5 19. Qb2 b6 20. Rfd1 Rfc8 21. Bd2 e6 22. Bf1 Ra4 23. Ra1 Bf8 24.
c4 Bb4 25. cxd5 Rc2 26. Bxb4 Rxb4 0-1

[Event "*** Titled Tuesday Blitz"]
[Site "Chess.com"]
[Date "2019.12.03"]
[Round "7"]
[White "Philosopherrr"]
[Black "vpantev"]
[Result "1-0"]
[WhiteElo "2457"]
[BlackElo "2580"]
[TimeControl "180+2"]
[EndTime "14:32:21 PST"]
[Termination "Philosopherrr won by resignation"]

1. e4 c6 2. d4 d5 3. exd5 cxd5 4.
c4 Nf6 5. Nc3 Nc6 6. Bg5 Be6 7.
a3 Qd7 8. Nf3 Rd8 9. Bxf6 exf6 10. c5 g6 11. Be2 Bg7 12. O-O O-O 13. h3 Rfe8 14. b4 Bf5 15. Qd2 Be4 16. b5 Ne7 17. Rfe1 f5 18. a4 Qe6 19. Rad1 Qf6 20. Ne5 f4 21.
Nxe4 dxe4 22. Bc4 Nd5 23. Rxe4 f3 24. Rde1 fxg2 25. Bxd5 Rxd5 26. Ng4 1-0

[Event "*** Titled Tuesday Blitz"]
[Site "Chess.com"]
[Date "2019.12.03"]
[Round "7"]
[White "Caisachess"]
[Black "PNEPaul"]
[Result "1-0"]
[WhiteElo "2250"]
[BlackElo "1714"]
[TimeControl "180+2"]
[EndTime "14:32:42 PST"]
[Termination "Caisachess won by resignation"]

1. e4 e5 2. Nf3 Nc6 3. d4 exd4 4. c3 d5 5. exd5 Qxd5 6. cxd4 Nf6 7. Nc3 Bb4 8. Bd3 Bg4 9. O-O Qh5 10. Be2 Bd6 11.
h3 O-O-O 12. Nb5 Rhe8 13. Nxd6+ Rxd6 14. hxg4 Nxg4 15. Bf4 Rde6 16. Ne5 Ncxe5 17. dxe5 Rg6 18. Bf3 Qf5 19. Bxg4 Rxg4 20. Bg3 Re6 21. Qf3 Qg5 22. Qxf7 1-0

[Event "*** Titled Tuesday Blitz"]
[Site "Chess.com"]
[Date "2019.12.03"]
[Round "7"]
[White "PavelChernomordik"]
[Black "FelixJoseYnojosa"]
[Result "0-1"]
[WhiteElo "2451"]
[BlackElo "2609"]
[TimeControl "180+2"]
[EndTime "14:32:53 PST"]
[Termination "FelixJoseYnojosa won by resignation"]

1. e4 c5 2. Nc3 Nc6 3. Bb5 e6 4.
Bxc6 bxc6 5. e5 Ne7 6. f4 Ng6 7.
d3 f6 8. Nf3 fxe5 9. fxe5 Be7 10.
O-O O-O 11. Be3 Rf5 12. g4 Rxf3 13. Qxf3 Nxe5 14. Qg2 d5 15. Bf4 Ng6 16. Rae1 Bf6 17. Bd2 Bd4+ 18. Kh1 Bxc3 19. bxc3 e5 20. Qf2 d4 21.
Qf7+ Kh8 22. Bg5 Qg8 23. h3 dxc3 24. Qc7 Be6 25. Be3 Bxa2 26. Bxc5 Qd5+ 27. Kh2 Qxc5 28. Ra1 Bd5 29. Ra5 Qe3 30. Rxd5 cxd5 31. Qxc3 Nf4 0-1

[Event "*** Titled Tuesday Blitz"]
[Site "Chess.com"]
[Date "2019.12.03"]
[Round "7"]
[White "Bad4life"]
[Black "Witik"]
[Result "0-1"]
[WhiteElo "2399"]
[BlackElo "2586"]
[TimeControl "180+2"]
[EndTime "14:33:02 PST"]
[Termination "Witik won by resignation"]

1. e4 c6 2. Nc3 d5 3. Qe2 Nf6 4.
g3 e5 5. exd5 Bd6 6. dxc6 Nxc6 7. Bg2 Nd4 8. Qd1 Bg4 9. f3 Bf5 10. d3 O-O 11. Nge2 Bc5 12. Ne4 Bb6 13. Nxd4 Qxd4 14.
Nxf6+ gxf6 15. Qe2 Rac8 16. h4 Ba5+ 17. Kf1 Rxc2 18.
Qxc2 Bxd3+ 19. Qxd3 Qxd3+ 20. Kg1 Rc8 21. Bh6 Qg6 22.
Rc1 Rxc1+ 23. Bxc1 Qxg3 24. b4 Bb6+ 0-1

[Event "*** Titled Tuesday Blitz"]
[Site "Chess.com"]
[Date "2019.12.03"]
[Round "7"]
[White "bluejay1897"]
[Black "FearNoEvil12"]
[Result "1-0"]
[WhiteElo "2369"]
[BlackElo "1998"]
[TimeControl "180+2"]
[EndTime "14:33:04 PST"]
[Termination "bluejay1897 won by resignation"]

1. Nf3 b5 2. g3 a6 3. Bg2 Bb7 4. O-O Nf6 5. b3 e6 6. Bb2 d6 7. c4 Nbd7 8. d3 h5 9. h4 Ng4 10. Nbd2 Rg8 11. Ng5 Bxg2 12. Kxg2 Be7 13. Ndf3 Nf8 14.
cxb5 axb5 15. Qc2 Ra6 16. Rfc1 c5 17. a4 b4 18. Qc4 Rb6 19. a5 Rb8 20. a6 Qd7 21. a7 Ra8 22. Qa6 f6 23. Ne4 g5 24.
hxg5 fxg5 25. Qb6 h4 26. Qb8+ Qd8 27. Qxd8+ Kxd8 28. d4 Nd7 29. dxc5 Nxc5 30. Nxc5 dxc5 31. Ra6 h3+ 32. Kxh3 Nxf2+ 33. Kg2 Ng4 34. Rd1+ Kc7 35. Rxe6 Rge8 36. Be5+ Kb7 37. Rd7+ Kc8 38. Rdxe7 Rxe7 39. Rxe7 Nxe5 40. Nxe5 Kd8 41. Rg7 1-0

[Event "*** Titled Tuesday Blitz"]
[Site "Chess.com"]
[Date "2019.12.03"]
[Round "7"]
[White "earling8018"]
[Black "Kawhi_Leonard2"]
[Result "0-1"]
[WhiteElo "1931"]
[BlackElo "2277"]
[TimeControl "180+2"]
[EndTime "14:33:05 PST"]
[Termination "Kawhi_Leonard2 won on time"]

1. c4 e6 2. d4 d5 3. Nf3 Nf6 4. g3 Be7 5. Bg2 O-O 6. O-O dxc4 7. Qc2 a6 8. a4 Bd7 9. Qxc4 Bc6 10. Bg5 Nbd7 11. Nc3 h6 12. Bxf6 Nxf6 13. Qd3 Bxf3 14.
Bxf3 c6 15. a5 Bb4 16. Ra4 Bxa5 17. b4 Bb6 18. e3 Nd5 19. Rfa1 Rc8 20. Ne4 Qe7 21. Nc5 Rfd8 22. e4 Nxb4 23. Qc4 a5 24. Nb3 Qf6 25. Bg2 Bxd4 26. Nxd4 Rxd4 27. Qc1 b6 0-1

[Event "*** Titled Tuesday Blitz"]
[Site "Chess.com"]
[Date "2019.12.03"]
[Round "7"]
[White "ural58"]
[Black "SHIVACalypso"]
[Result "0-1"]
[WhiteElo "2361"]
[BlackElo "2286"]
[TimeControl "180+2"]
[EndTime "14:33:08 PST"]
[Termination "SHIVACalypso won by checkmate"]

1. e4 e6 2. Qe2 c5 3. b3 Nc6 4. Bb2 e5 5. f4 d6 6. Nc3 g6 7.
O-O-O Bg7 8. Qf2 exf4 9. Qxf4 Nge7 10. Bc4 O-O 11. Nf3 Be6 12. h4 Bxc4 13. bxc4 Ne5 14.
h5 Nxc4 15. hxg6 fxg6 16. Qg3 Qb6 17. Ba1 Na3 18. Qh4 h5 19. Qxe7 Bxc3 20. dxc3 Qb1+ 21. Kd2 Qxc2+ 22. Ke3 Nc4# 0-1

[Event "*** Titled Tuesday Blitz"]
[Site "Chess.com"]
[Date "2019.12.03"]
[Round "7"]
[White "Sneakiest_Of_Snakes"]
[Black "MateSchmate"]
[Result "1-0"]
[WhiteElo "1828"]
[BlackElo "2283"]
[TimeControl "180+2"]
[EndTime "14:33:10 PST"]
[Termination "Sneakiest_Of_Snakes won by checkmate"]

1. e4 e6 2. d4 d5 3. exd5 exd5 4. Nf3 Bg4 5. h3 Bh5 6. Bd3 Nf6 7. Nbd2 c5 8. dxc5 Nc6 9. Nf1 Bxc5 10. Ng3 Bg6 11. Bxg6 hxg6 12. c3 Qb6 13. O-O O-O-O 14. b4 Bd6 15. Ne2 Ne4 16. Qc2 Rh5 17. Bf4 f6 18. Bxd6 Rxd6 19. a3 g5 20. c4 g4 21.
hxg4 Rh1+ 22. Kxh1 Nxf2+ 23. Rxf2 Qxf2 24. Qf5+ Kb8 25. Neg1 d4 26. Nh3 Qb2 27. Re1 d3 28.
Qf4 Kc7 29. c5 d2 30. Qxd6+ Kc8 31. Qxd2 Qb3 32. Qd6 Qb2 33. Re8+ Nd8 34. Rxd8# 1-0

[Event "*** Titled Tuesday Blitz"]
[Site "Chess.com"]
[Date "2019.12.03"]
[Round "7"]
[White "Eloist"]
[Black "Indianlad"]
[Result "0-1"]
[WhiteElo "2398"]
[BlackElo "2874"]
[TimeControl "180+2"]
[EndTime "14:33:23 PST"]
[Termination "Indianlad won on time"]

1. e4 c5 2. d3 Nc6 3. f4 e6 4.
Nf3 d5 5. Be2 Bd6 6. e5 Bc7 7. c3 Nge7 8. O-O Nf5 9. Na3 h5 10. Nc2 h4 11. Ne3 Nxe3 12. Bxe3 d4 13. Bf2 h3 14. g3 b6 15. Nd2 Bb7 16. Bf3 dxc3 17. bxc3 Qxd3 18. Be4 Qd7 19. Qf3 O-O-O 20. Nc4 Kb8 21. Rab1 f5 22. exf6 gxf6 23. Rfd1 Qe8 24. Rxd8+ Nxd8 25. Na5 Bxe4 26. Qxe4 f5 27. Qf3 Qa4 28.
Nb3 Qxa2 29. Qd1 Nb7 30. Ra1 Qb2 31. Rb1 Qxc3 32. Nd4 cxd4 33. Bxd4 Qc6 0-1